 Dungeon Crawl Stone Soup version 0.31-a0-1-g4198be8af4 (webtiles) character file.

Game seed: 11344487510558343013

1912 qeuew the Covert (level 9, -2/51 HPs)
             Began as an Octopode Conjurer on May 1, 2023.
             Slain by an orc wizard
             ... wielding a +0 dagger
              (4 damage)
             ... on level 7 of the Dungeon.
             The game lasted 00:09:19 (7269 turns).

qeuew the Covert (Octopode Conjurer)                Turns: 7269, Time: 00:09:20

Health: -2/51      AC:  1    Str:  6    XL:     9   Next: 16%
Magic:  2/18       EV: 15    Int: 24    God:
Gold:   400        SH:  0    Dex: 11    Spells: 13/20 levels left

rFire   . . .        l - staff of conjuration
rCold   . . .        (no shield)
rNeg    . . .        (helmet restricted)
rPois   .            (no amulet)
rElec   .            c - ring of willpower
rCorr   +            i - ring of resist corrosion
SInv    +            n - ring of see invisible
Will    +....        p - ring of wizardry
Stlth   +++++        (no ring)
HPRegen 0.28/turn    (no ring)
MPRegen 0.16/turn    (no ring)
                     (no ring)

%: wizardry (x1)
@: no status effects
A: almost no armour, amphibious, 8 rings, camouflage 1, gelatinous body 1,
(nimble swimmer 1), tentacles
a: no special abilities


You were on level 7 of the Dungeon.
You visited 1 branch of the dungeon, and saw 7 of its levels.

You collected 400 gold pieces.

Inventory:

Magical Staves
 l - a staff of conjuration (weapon)
Jewellery
 c - a ring of willpower (left tentacle)
 i - a ring of resist corrosion (right tentacle)
 n - a ring of see invisible (on tentacle)
 p - a ring of wizardry (on tentacle)
Wands
 h - a wand of roots (14)
Scrolls
 f - 4 scrolls of fear
 g - 5 scrolls of enchant armour
 m - a scroll of magic mapping
 o - a scroll of identify
 q - a scroll of teleportation
Potions
 a - a potion of magic
 b - a potion of haste
 d - 2 potions of resistance
 j - 4 potions of curing
 k - 3 potions of cancellation
 r - a potion of ambrosia


   Skills:
 + Level 6.5 Dodging
 + Level 9.4 Stealth
 + Level 6.1 Spellcasting
 * Level 8.5 Conjurations


You had 13 spell levels left.
You knew the following spells:

 Your Spells              Type           Power      Damage    Failure   Level
a - Magic Dart            Conj           100%       1d8       1%          1
b - Searing Ray           Conj           100%       2d8       1%          2
c - Iskenderun's Mystic   Conj/Tloc      41%        2d9       6%          4

Your spell library contained the following spells:

 Spells                   Type           Power      Damage    Failure   Level
 Static Discharge         Conj/Air       82%        2-6/arc   1%          2
 Dazzling Flash           Conj/Hex       82%        N/A       1%          3
 Apportation              Tloc           14%        N/A       3%          1
 Slow                     Hex            28%        N/A       3%          1
 Lesser Beckoning         Tloc           14%        N/A       4%          2
 Fulminant Prism          Conj/Hex       20%        3d12      6%          4
 Confusing Touch          Hex            7%         N/A       10%         3
 Gell's Gravitas          Tloc           7%         N/A       10%         3
 Teleport Other           Tloc           7%         N/A       10%         3
 Vampiric Draining        Necr           7%         2d6       10%         3
 Airstrike                Air            3%         2d(1-17)  30%         4
 Summon Lightning Spire   Summ/Air       7%         N/A       30%         4
 Alistair's Intoxication  Tmut/Pois      4%         N/A       61%         5


Dungeon Overview and Level Annotations

Branches:
Dungeon (7/15)
 Temple: D:4-7

Altars:
Cheibriados
Makhleb
Wu Jian
Xom

Shops:
D:5 *


Innate Abilities, Weirdness & Mutations

You cannot wear most types of armour.
You are amphibious.
You can wear up to eight rings at the same time.
Your skin changes colour to match your surroundings (Stealth+).
Your rubbery body absorbs attacks. (AC +1, EV +1)
((You are camouflaged when in or above water. (Stealth+)))
You have tentacles for arms and can constrict up to eight enemies at once.


Message History

Your Spellcasting skill increases to level 6!
You have reached level 9!
Your experience leads to an increase in your attributes!
Increase (S)trength, (I)ntelligence, or (D)exterity?
You feel clever. x2
Found a wand of roots (4).
The orc warrior shoots a bolt.
The bolt closely misses you.
An orc wizard comes into view. It is wielding a +0 dagger.
The orc warrior shoots a bolt.
The bolt hits you!
An orc comes into view.
It is wielding a +0 club and quivering boomerangs of dispersal.
The orc shouts!
As you read the scroll of teleportation, it crumbles to dust.
You feel strangely unstable.
The orc warrior shoots a bolt.
The bolt hits you.
The orc warrior shoots a bolt.
The bolt closely misses you.
The orc warrior shoots a bolt.
The bolt closely misses you.
The orc throws a boomerang of dispersal.
The boomerang of dispersal closely misses you.
Your surroundings suddenly seem different.
Found 11 gold pieces and a potion of heal wounds.
Casting: Searing Ray (safe; 1% risk of failure)
Confirm with . or Enter, or press ? or * to list all spells.
Aiming: Searing Ray (safe; 1% risk of failure)
Press: ? - help, Shift-Dir - straight line, f - orc warrior
Aim: an orc warrior, wielding a +0 arbalest and wearing a +0 plate armour (83% to hit)
You feel a surge of power!
The searing ray hits the orc!
You kill the orc!
The searing ray hits the orc warrior.
The orc warrior is lightly wounded. (Press . to maintain the ray.)
The orc warrior shoots a bolt.
The bolt hits you!
The searing ray hits the orc warrior but does no damage.
The orc warrior is lightly wounded.
The orc warrior shoots a bolt.
The bolt closely misses you.
The orc wizard hits you with a +0 dagger.
The searing ray hits the orc warrior!
The orc warrior is moderately wounded.
The orc warrior shoots a bolt.
The bolt hits you!!
* * * LOW HITPOINT WARNING * * *
The orc wizard hits you with a +0 dagger.
You die...

./.....)....# ..
................).####..
...................~~~..
............).....~≈≈≈~#
..................~≈.~~_
$.........o.......~≈≈≈~#
...................~~~##
.......o).........###.##
.......@..........# #...
..................# ###.
..................# #.
..................# ..
................... ###
...................
...............
.!.............
###############


You could see an orc warrior and an orc wizard.

Vanquished Creatures
  A kobold demonologist (D:7)
  Grinder (D:3)
  Sigmund (D:4)
  A water moccasin (D:5)
  An orc warrior (D:6)
  An ice beast (D:6)
  A centaur (D:5)
  3 scorpions
  A howler monkey (D:6)
  7 jellies
  An iguana (D:4)
  A sleepcap (D:5)
  5 orc wizards
  3 gnolls (D:5)
  11 adders
  3 dart slugs
  10 orcs
  18 endoplasms
  6 giant cockroaches
  5 hobgoblins
  6 jackals
  6 quokkas
  6 ball pythons
  4 bats
  4 frilled lizards
  6 goblins
  14 kobolds
  9 rats
136 creatures vanquished.

Vanquished Creatures (others)
  An orc priest (D:4)
  An adder (D:4)
  4 orcs (D:4)
  A fungus (D:3)
  13 toadstools (D:3)
20 creatures vanquished.

Grand Total: 156 creatures vanquished

Notes
Turn   | Place    | Note
-------+----------+-------------------------------------------
     0 | D:1      | qeuew the Octopode Conjurer began the quest for the Orb.
     0 | D:1      | Reached XP level 1. HP: 11/11 MP: 3/3
   128 | D:1      | Reached skill level 3 in Stealth
   169 | D:1      | Reached XP level 2. HP: 16/17 MP: 0/5
   456 | D:1      | Found a faded altar of an unknown god.
   981 | D:1      | Reached skill level 5 in Dodging
   981 | D:1      | Reached skill level 7 in Stealth
   981 | D:1      | Reached XP level 3. HP: 21/21 MP: 6/9
   985 | D:1      | Learned a level 2 spell: Searing Ray
  1022 | D:2      | Reached XP level 4. HP: 13/27 MP: 10/10
  2039 | D:2      | Reached XP level 5. HP: 31/31 MP: 9/12
  3155 | D:3      | Reached XP level 6. HP: 36/36 MP: 4/13
  3370 | D:3      | Noticed Grinder
  3378 | D:3      | Paralysed by Grinder for 3 turns
  3382 | D:3      | Killed Grinder
  3383 | D:3      | Reached skill level 5 in Spellcasting
  3383 | D:3      | Reached XP level 7. HP: 32/41 MP: 4/14
  3546 | D:4      | Reached skill level 8 in Stealth
  3763 | D:4      | Noticed Sigmund
  3775 | D:4      | Killed Sigmund
  3919 | D:4      | Learned a level 4 spell: Iskenderun's Mystic Blast
  4313 | D:4      | Found a shimmering altar of Xom.
  4494 | D:4      | Reached XP level 8. HP: 37/46 MP: 8/16
  4911 | D:5      | Entered Level 5 of the Dungeon
  6068 | D:5      | Found Cipamim's Assorted Antiques.
  6632 | D:6      | Reached skill level 9 in Stealth
  6969 | D:6      | Found a burning altar of Makhleb.
  6977 | D:6      | Found an ornate altar of the Wu Jian Council.
  7234 | D:7      | Found a snail-covered altar of Cheibriados.
  7240 | D:7      | Identified the +7 spear of Suicidal Tendencies {freeze, rC+
                  | Dex+3}
  7249 | D:7      | Noticed a kobold demonologist
  7258 | D:7      | Killed a kobold demonologist
  7259 | D:7      | Reached XP level 9. HP: 48/51 MP: 4/18
  7269 | D:7      | HP: 2/51 [orc warrior/bolt (19)]
  7269 | D:7      | Slain by an orc wizard

Illustrated notes

Levels and vault maps discovered:
D:1:      dpeg_arrival_ternary, layout_basic, hellmonk_ecumenical_altar_lost_god
D:2:      layout_basic, minmay_pentomino_t4
D:3:      cheibrodos_fertilizer, layout_loops_ring, uniq_grinder
D:4:      layout_loops_cross, xom_confusion_cloud, uniq_sigmund
D:5:      layout_basic, serial_shops, nicolae_stop_n_shop_2
D:6:      layout_basic, mainiacjoe_overflow_big_doors, hex_intersection,
          lemuel_flamethrower_2
D:7:      layout_basic, good_gods_mini_temple, kennysheep_slug_shrine,
          temple_pool_b, biasface_ghost_orc_armoury, uniq_maggie

Skill      XL: |  1  2  3  4  5  6  7  8 |
---------------+-------------------------+-----
Stealth        | 3 7 8 9 |  9.4
Dodging        | 5 6 |  6.5
Spellcasting   | 4 5 6 |  6.1
Conjurations   | 6 7 8 |  8.5

Action                     |  1- 3 |  4- 6 |  7- 9 || total
---------------------------+-------+-------+-------++-------
  Melee: Unarmed           |    13 |       |       ||    13
         Tentacles         |     4 |       |     2 ||     6
         Constrict         |     2 |       |     2 ||     4
         Staff             |       |       |     5 ||     5
   Cast: Magic Dart        |    33 |   111 |   168 ||   312
         Searing Ray       |       |     2 |    13 ||    15
    Use: Scroll            |     2 |     2 |    13 ||    17
         Potion            |     1 |     3 |     3 ||     7
 Armour: Skin              |       |       |     2 ||     2
  Dodge: Dodged            |     9 |     7 |    55 ||    71

Table legend: (Time is in decaauts)
 A = Elapsed time spent in this place.
 B = Non-inter-level travel time spent in this place.
 C = Inter-level travel time spent in this place.
 D = Time resting spent in this place.
 E = Time spent auto-exploring this place.
 F = Levels seen in this place.
 G = Mean time per level.
                   A        B        C        D        E       F      G
               +--------+--------+--------+--------+--------+-----+--------+
         Total |   7248 |   7062 |    186 |    249 |   6116 |   7 | 1035.4 |
       Dungeon |   7248 |   7062 |    186 |    249 |   6116 |   7 | 1035.4 |
               +--------+--------+--------+--------+--------+-----+--------+

Top non-repeatable levels by time:
     D:5: 1366 daAuts
     D:2: 1343 daAuts
     D:4: 1287 daAuts
     D:3: 1251 daAuts
     D:1: 1008 daAuts
     D:6: 934 daAuts
     D:7: 55 daAuts
